 Dungeon Crawl Stone Soup version 0.26-b1-32-g5d43845318 (webtiles) character file.

Game seed: 14810708140847071471

2095 Borgoz the Basher (level 9, 0/55 HPs)
             Began as a Gargoyle Gladiator on Jan 10, 2021.
             Slain by an orc
             ... wielding a +0 short sword
              (3 damage)
             ... on level 6 of the Dungeon.
             The game lasted 00:07:38 (6770 turns).

Borgoz the Basher (Gargoyle Gladiator)              Turns: 6770, Time: 00:07:39

Health: 0/55       AC: 14    Str: 25    XL:     9   Next: 27%
Magic:  9/9        EV: 16    Int:  8    God:
Gold:   352        SH:  0    Dex: 14    Spells: 8/8 levels left

rFire    . . .     SeeInvis .   C - +0 flail (vorpal)
rCold    . . .     Faith    .   (no shield)
rNeg     + . .     Spirit   .   b - +0 leather armour
rPois    ∞         Reflect  .   c - +0 helmet
rElec    +         Harm     .   (no cloak)
rCorr    .         Rampage  .   (no gloves)
Will     .....                  (no boots)
Stlth    +.........             (no amulet)
HPRegen  0.18/turn              y - +4 ring of protection
MPRegen  0.11/turn              u - +6 ring of strength

@: no status effects
A: negative energy resistance 1, electricity resistance, unbreathing,
petrification resistance, miasma immunity, AC +6
a: no special abilities


You were on level 6 of the Dungeon.
You visited 2 branches of the dungeon, and saw 7 of its levels.

You collected 352 gold pieces.

Inventory:

Hand Weapons
 C - a +0 vorpal flail (weapon)
Armour
 b - a +0 leather armour (worn)
 c - a +0 helmet (worn)
Jewellery
 e - an uncursed ring of flight
 j - an uncursed ring of protection from cold {unknown}
 p - an uncursed ring of resist corrosion
 u - a +6 ring of strength (right hand)
 y - a +4 ring of protection (left hand)
Scrolls
 f - 5 scrolls of teleportation
 g - a scroll of blinking {unknown}
 i - 2 scrolls of magic mapping {unknown}
 k - 3 scrolls of noise {unknown}
 l - a scroll of random uselessness {unknown}
 o - a scroll of enchant armour {unknown}
 q - 3 scrolls of remove curse
 v - 2 scrolls of immolation {unknown}
 x - a scroll of amnesia {unknown}
Potions
 a - a potion of magic {unknown}
 h - 2 potions of haste
 m - 2 potions of flight {unknown}
 s - a potion of mutation {unknown}
 t - a potion of berserk rage {unknown}
 A - a potion of ambrosia
 B - a potion of heal wounds


   Skills:
 + Level 6.2 Fighting
 * Level 8.1 Maces & Flails
 - Level 1.7 Throwing
 * Level 6.8 Dodging


You had 8 spell levels left.
You didn't know any spells.
Your spell library contained the following spells:

 Spells                   Type           Power        Failure   Level
 Confusing Touch          Hex            0%           83%         3
 Gell's Gravitas          Tloc           0%           83%         3
 Petrify                  Tmut/Erth      0%           99%         4
 Metabolic Englaciation   Hex/Ice        0%           100%        5
 Yara's Violent Unravell  Hex/Tmut       0%           100%        5


Dungeon Overview and Level Annotations

Branches:
Dungeon (6/15)             Temple (1/1) D:6

Altars:
Cheibriados
Dithmenos
Elyvilon
Fedhas
Gozag
Hepliaklqana
Kikubaaqudgha
Makhleb
Okawaru
Qazlal
Sif Muna
Trog
Uskayaw
Xom
Yredelemnul
Zin
The Shining One


Innate Abilities, Weirdness & Mutations

You are resistant to torment.
Your stone body is resilient. (AC +6)
You are immune to poison.
You resist negative energy. (rN+)
You are resistant to electric shocks. (rElec)
You can survive without breathing.
You are immune to petrification.
You are immune to miasma.


Message History

The orc warrior is severely wounded.
The orc warrior barely misses you. The orc barely misses you.
You hit the orc warrior but do no damage.
The orc warrior is severely wounded.
The orc hits you but does no damage.
You closely miss the orc warrior.
The orc warrior is severely wounded.
The orc warrior hits you but does no damage.
The orc barely misses you.
You completely miss the orc warrior.
The orc warrior is severely wounded.
The orc warrior hits you with a +0 battleaxe!
* * * LOW HITPOINT WARNING * * *
The orc misses you.
You barely miss the orc warrior.
The orc warrior is severely wounded.
The orc warrior hits you with a +0 battleaxe!
* * * LOW HITPOINT WARNING * * *
The orc hits you with a +0 short sword.
You die...

.......###....##.......
........#.....#........
.[........###...........
..#......)........... ..
......###.#......... ...
..................##....
......##......).).....#
......###....†..o.....#
.......#...#....@.)#.##
...........##....o.#.o
......###.###..........
.....## #.# #...........
#....# #.# #.......(...
#....####.# #(.....#.#..
.......#..# ......###...
.......##.........# ..
.......#..###.....#


You could see an orc warrior and an orc.

Vanquished Creatures
  The ghost of Borgoz the Slasher, a novice HaFi (D:5)
  Prince Ribbit (D:5)
  A sky beast (D:6)
  A black bear (D:5)
  2 ogres (D:6)
  A phantom (D:4)
  3 centaurs (D:5)
  A bullfrog (D:6)
  A scorpion (D:6)
  A howler monkey (D:6)
  A centaur zombie (D:5)
  A jelly (D:5)
  An orc priest (D:4)
  A centaur skeleton (D:4)
  4 hounds
  A gnoll shaman (D:4)
  3 iguanas
  An orc wizard (D:6)
  3 worker ants
  8 gnolls
  7 adders
  A white imp (D:5)
  2 ufetubi (D:6)
  An ooze (D:2)
  2 worms
  5 leopard geckos
  9 orcs
  7 bats
  3 giant cockroaches
  7 goblins
  9 hobgoblins
  2 quokkas
  3 frilled lizards
  A giant cockroach zombie (D:5)
  9 kobolds
  A quokka zombie (D:5)
  2 rats (D:3)
108 creatures vanquished.

Vanquished Creatures (others)
  A fungus (D:5)
  4 plants (D:5)
5 creatures vanquished.

Grand Total: 113 creatures vanquished

Notes
Turn   | Place    | Note
-------+----------+-------------------------------------------
     0 | D:1      | Borgoz the Gargoyle Gladiator began the quest for the Orb.
     0 | D:1      | Reached XP level 1. HP: 12/12 MP: 1/1
   354 | D:1      | Reached XP level 2. HP: 17/18 MP: 2/2
  1026 | D:2      | Reached XP level 3. HP: 22/22 MP: 3/3
  1865 | D:3      | Reached XP level 4. HP: 19/27 MP: 4/4
  2457 | D:4      | Reached skill level 4 in Maces & Flails
  2730 | D:4      | Reached XP level 5. HP: 28/32 MP: 5/5
  2782 | D:4      | Reached XP level 6. HP: 31/37 MP: 6/6
  3345 | D:4      | Found a hide-covered altar of Uskayaw.
  3463 | D:4      | Found a glowing silver altar of Zin.
  3464 | D:4      | Found a white marble altar of Elyvilon.
  3467 | D:4      | Found a glowing golden altar of the Shining One.
  3557 | D:4      | Noticed a phantom
  3609 | D:4      | Killed a phantom
  3610 | D:4      | Reached skill level 5 in Maces & Flails
  3796 | D:4      | Reached XP level 7. HP: 43/43 MP: 7/7
  4027 | D:5      | Entered Level 5 of the Dungeon
  4184 | D:5      | Found an iron altar of Okawaru.
  4233 | D:5      | Noticed Prince Ribbit
  4548 | D:5      | Reached skill level 6 in Maces & Flails
  4548 | D:5      | Reached skill level 5 in Dodging
  4736 | D:5      | Reached XP level 8. HP: 21/48 MP: 8/8
  4956 | D:5      | Found a shimmering blue altar of Sif Muna.
  5178 | D:5      | Killed Prince Ribbit
  5179 | D:5      | Reached skill level 5 in Fighting
  5556 | D:5      | Found a stormy altar of Qazlal.
  5703 | D:5      | Found a blossoming altar of Fedhas.
  5741 | D:5      | Found a runed translucent door.
  5742 | D:5      | Noticed Borgoz's ghost (novice HaFi)
  5836 | D:5      | Killed Borgoz's ghost
  5837 | D:5      | Reached skill level 7 in Maces & Flails
  5935 | D:6      | Reached XP level 9. HP: 29/55 MP: 9/9
  6161 | D:6      | Reached skill level 8 in Maces & Flails
  6413 | D:6      | Found a staircase to the Ecumenical Temple.
  6442 | Temple   | Entered the Ecumenical Temple
  6652 | D:6      | Found a shimmering blue altar of Sif Muna.
  6770 | D:6      | Slain by an orc

Illustrated notes

Levels and vault maps discovered:
D:1:      ncdulo_smallfort, layout_basic, minmay_pentomino_v2
D:2:      layout_basic, minivault_26, chequers_serial_rivers_room_a
D:3:      layout_basic
D:4:      layout_loops_ring, good_gods_mini_temple,
          eat_drink_and_be_merry_uskayaw
D:5:      layout_loops_ring, grunt_temple_overflow_forces_of_nature,
          marbit_many_paths, gammafunk_ghost_grave, okawaru_trees_1,
          uniq_prince_ribbit1
D:6:      layout_cave_pools, minmay_temple_entry_offerings, basic_altar
Temple:   chequers_temple_sunken

Skill      XL: |  1  2  3  4  5  6  7  8  9 |
---------------+----------------------------+-----
Dodging        | 3 4 5 6 |  6.8
Fighting       | 3 4 5 6 |  6.2
Maces & Flails | 4 5 6 7 8 |  8.1
Throwing       | |  1.7

Action                   |  1- 3 |  4- 6 |  7- 9 || total
-------------------------+-------+-------+-------++-------
Melee: Flail             |   114 |   163 |   225 ||   502
Throw: Throwing net      |       |     2 |     2 ||     4
Evoke: Wand              |       |       |     5 ||     5
  Use: Potion            |       |     1 |     2 ||     3
       Scroll            |       |       |     6 ||     6
 Stab: Paralysed         |       |       |     1 ||     1
Armor: Leather armour    |    50 |    67 |   107 ||   224
Dodge: Dodged            |    81 |   116 |   211 ||   408
